 Dungeon Crawl Stone Soup version 0.30-a0-165-g1891117ce2 (webtiles) character file.

Game seed: 1773394521460915514

20834 LnG the Covert (level 13, -1/75 HPs)
             Began as a Kobold Summoner on Sept 28, 2022.
             Was a Follower of Yredelemnul.
             Shot with an arrow by a centaur warrior (20 damage)
             ... on level 14 of the Dungeon.
             The game lasted 00:54:55 (20653 turns).

LnG the Covert (Kobold Summoner)                   Turns: 20653, Time: 00:54:56

Health: -1/75      AC:  9    Str:  5    XL:     13   Next: 15%
Magic:  22/26      EV: 20    Int: 17    God:    Yredelemnul [*.....]
Gold:   362        SH:  0    Dex: 16    Spells: 18/31 levels left

rFire   . . .      SeeInvis +    j - +6 whip of Yrrous {drain, rC+ Stlth+}
rCold   + + +      Faith    .    (no shield)
rNeg    . . .      Spirit   .    I - +0 robe of Saamn {+Blink rC+++ Int-4 Stlth+}
rPois   .          Reflect  .    d - +0 helmet
rElec   .          Harm     .    G - +2 cloak
rCorr   +          Rampage  .    B - +1 pair of gloves
Will    .....                    l - +0 pair of boots
Stlth   +++++++++.               (no amulet)
HPRegen 0.22/turn                c - ring of see invisible
MPRegen 0.20/turn                m - ring of resist corrosion

@: no status effects
A: small, no large weapons, nightstalker 3
a: Renounce Religion, Evoke Blink, Recall Undead Harvest


You were on level 14 of the Dungeon.
You worshipped Yredelemnul.
Yredelemnul was noncommittal.
You visited 2 branches of the dungeon, and saw 15 of its levels.

You collected 902 gold pieces.
You spent 540 gold pieces at shops.

Inventory:

Hand Weapons
 h - a +0 dagger
 j - the +6 whip of Yrrous (weapon) {drain, rC+ Stlth+}
   (You found it on level 2 of the Dungeon)

   A truly terrible weapon, it drains the life of any living foe it strikes.
   rC:        It protects you from cold.
   Stlth:     It makes you more stealthy.
 q - a +0 dagger of flaming
 s - a +1 dagger of protection
 H - a +5 vampiric dagger
 K - the +7 dagger of Honour {freeze, Int+4}
   (You bought it in a shop on level 2 of the Dungeon)

   It freezes those it strikes, dealing additional cold damage.
   It can also slow down cold-blooded creatures.
   Int:       It affects your intelligence (+4).
Missiles
 f - 2 throwing nets
Armour
 a - a +0 robe
 d - a +0 helmet (worn)
 l - a +0 pair of boots (worn)
 B - a +1 pair of gloves (worn)
 G - a +2 cloak (worn)
 I - the +0 robe of Saamn (worn) {+Blink rC+++ Int-4 Stlth+}
   (You found it on level 8 of the Dungeon)

   Int:       It affects your intelligence (-4).
   rC:        It renders you almost immune to cold.
   +Blink:    It lets you blink.
   Stlth:     It makes you more stealthy.
Jewellery
 c - a ring of see invisible (left hand)
 m - a ring of resist corrosion (right hand)
 o - a ring of willpower
 N - an amulet of faith
Wands
 p - a wand of acid (13)
 x - a wand of digging (11)
 y - a wand of flame (18)
 L - a wand of polymorph (3)
 P - a wand of roots (10)
 U - a wand of mindburst (4)
Scrolls
 g - a scroll of torment
 k - 2 scrolls of amnesia
 u - a scroll of butterflies
 A - a scroll of immolation
 C - 10 scrolls of teleportation
 E - a scroll of brand weapon
 F - a scroll of poison
 M - a scroll of magic mapping {unknown}
 Q - 2 scrolls of fear
 S - 3 scrolls of identify
 T - a scroll of enchant weapon
Potions
 b - 5 potions of magic
 e - 2 potions of berserk rage {unknown}
 i - 11 potions of curing
 n - a potion of lignification
 r - 2 potions of attraction {unknown}
 t - 2 potions of flight {unknown}
 v - 2 potions of might {unknown}
 w - a potion of cancellation {unknown}
 z - 4 potions of brilliance {unknown}
 D - a potion of ambrosia {unknown}
 J - 2 potions of haste {unknown}
 O - a potion of resistance {unknown}
Miscellaneous
 R - a phantom mirror (inert)


   Skills:
 + Level 6.5 Fighting
 + Level 6.9 Short Blades
 + Level 6.9 Maces & Flails
 + Level 0.4 Throwing
 + Level 9.6 Dodging
 + Level 13.8 Stealth
 + Level 0.3 Unarmed Combat
 + Level 9.5 Spellcasting
 + Level 0.3 Hexes
 + Level 9.6 Summonings
 + Level 2.8 Air Magic
 + Level 0.7 Evocations


You had 18 spell levels left.
You knew the following spells:

 Your Spells              Type           Power      Damage    Failure   Level
a - Summon Small Mammal   Summ           100%       N/A       1%          1
b - Call Imp              Summ           40%        N/A       1%          2
c - Call Canine Familiar  Summ           40%        N/A       1%          3
d - Summon Guardian Gole  Hex/Summ       24%        N/A       3%          3
e - Summon Lightning Spi  Summ/Air       29%        N/A       7%          4

Your spell library contained the following spells:

 Spells                   Type           Power      Damage    Failure   Level
 Poisonous Vapours        Pois/Air       24%        N/A       8%          2
 Necrotise                Necr           32%        1d5       9%          1
 Sting                    Tmut/Pois      32%        1d4       9%          1
 Cigotuvi's Dreadful Rot  Necr/Pois/Air  22%        N/A       9%          2
 Tukima's Dance           Hex            9%         N/A       24%         3
 Portal Projectile        Hex/Tloc       16%        N/A       26%         3
 Vampiric Draining        Necr           8%         2d6       26%         3
 Olgreb's Toxic Radiance  Pois           8%         N/A       65%         4
 Agony                    Necr           8%         N/A       94%         5
 Blade Hands              Tmut           4%         N/A       94%         5


Dungeon Overview and Level Annotations

Branches:
Dungeon (14/15)            Temple (1/1) D:7            Lair (0/5) D:8
    Orc (0/2) D:9          Vaults (0/5) D:13

Altars:
Ashenzari
Cheibriados
Dithmenos
Elyvilon
Fedhas
Gozag
Hepliaklqana
Kikubaaqudgha
Makhleb
Nemelex Xobeh
Okawaru
Qazlal
Ru
Sif Muna
Trog
Uskayaw
Vehumet
Wu Jian
Xom
Yredelemnul
Zin
The Shining One

Shops:
D:1 (   D:2 ([   D:8 :   D:12 (   D:14 *

Annotations:
D:5 1 runed translucent door, juncz's ghost, novice DjCj
D:11 1 runed translucent door


Innate Abilities, Weirdness & Mutations

You are small and have problems with some larger weapons.
You are completely attuned to the shadows.


Message History

The boulder beetle hits your tengu conjurer zombie.
The boulder beetle stops rolling and uncurls.
Your lightning spire shoots out a bolt of lightning at the freezing wraith!
The bolt of electricity hits the freezing wraith!
The freezing wraith is destroyed!
The bolt of electricity hits the boulder beetle but does no damage.
Your tengu conjurer zombie hits the boulder beetle but does no damage.
Your tengu conjurer zombie pecks the boulder beetle but does no damage.
Your tengu conjurer zombie claws the boulder beetle but does no damage.
The boulder beetle waves its antennae.
The boulder beetle bites your tengu conjurer zombie!!
Casting: Summon Lightning Spire (dangerous; 7% risk of failure)
Confirm with . or Enter, or press ? or * to list all spells.
The boulder beetle curls into a ball and begins rolling!
Your lightning spire shoots out a bolt of lightning at the boulder beetle!
The bolt of electricity hits the boulder beetle.
Your tengu conjurer zombie hits the boulder beetle but does no damage.
Your tengu conjurer zombie pecks the boulder beetle but does no damage.
Your tengu conjurer zombie claws the boulder beetle but does no damage.
Your lightning spire shoots out a bolt of lightning at the boulder beetle!
The bolt of electricity hits the boulder beetle.
Your wolf barely misses the boulder beetle.
Your lightning spire shoots out a bolt of lightning at the boulder beetle!
The bolt of electricity hits the boulder beetle!
The boulder beetle barely misses you.
The boulder beetle stops rolling and uncurls.
As you read the scroll of fear, it crumbles to dust.
You assume a fearsome visage.
The boulder beetle resists with some effort.
Your wolf bites the boulder beetle.
Your lightning spire shoots out a bolt of lightning at the boulder beetle!
The bolt of electricity hits the boulder beetle!
The boulder beetle leaps!
Your tengu conjurer zombie is no longer moving slowly.
You feel yourself speed up.
A centaur warrior comes into view.
The centaur warrior wields a +0 shortbow.
The centaur warrior shoots an arrow.
The arrow hits you!!
You die...
Your body rises from the dead as a mindless zombie.

##.....#.....##
##.............##
#...............#
#...............#
#...............#
########.......c.......#
#.....................).#####
............................#
#^.........Z.h@.............#
#..8............#...........#
#..........##########.......#
..#....##### #...>...# #[$###
#.......# #..○.# #.......#
##.... #.......# #.....
#.......# ......# #.......#


You could see a centaur warrior, a friendly wolf (summoned) and a friendly tengu
conjurer zombie.

Vanquished Creatures
  A fire dragon (D:14)
  2 centaur warriors (D:14)
  A two-headed ogre (D:9)
  A lindwurm (shapeshifter) (D:13)
  4 deep elf pyromancers
  2 ugly things (D:13)
  A manticore (D:13)
  An elephant (D:8)
  Maurice (D:13)
  2 gargoyles
  A komodo dragon (D:11)
  3 trolls
  A queen bee (shapeshifter) (D:13)
  A hornet (D:9)
  2 slime creatures (D:12)
  A shadow (D:11)
  2 wraiths
  9 yaks
  A steam dragon (D:8)
  2 vampire mosquitoes (D:12)
  2 acid dragons
  A water moccasin (D:5)
  2 orc warriors
  4 sky beasts
  A black bear (D:8)
  6 centaurs
  An ogre (D:7)
  4 kobold brigands
  4 bullfrogs
  2 gnoll sergeants
  A scorpion (D:4)
  3 killer bees (D:8)
  3 howler monkeys
  5 orc priests
  2 hounds (D:5)
  2 jellies
  Crazy Yiuf (D:2)
  Jessica (D:3)
  5 iguanas
  7 orc wizards
  15 gnolls
  10 adders
  A shadow imp (D:5)
  2 white imps
  An ufetubus (D:6)
  2 worms
  3 dart slugs
  27 orcs
  3 bats (D:2)
  5 endoplasms
  2 giant cockroaches
  3 goblins
  5 hobgoblins
  A jackal (D:2)
  21 kobolds
  3 quokkas
  4 ball pythons
  A frilled lizard (D:1)
  2 rats
207 creatures vanquished.

Vanquished Creatures (collateral kills)
  A tengu warrior (D:14)
  A manticore (D:12)
  A cyclops (D:11)
  A gargoyle (D:12)
  A freezing wraith (D:14)
  A tengu conjurer (D:14)
  A troll (D:12)
  2 slime creatures (D:12)
  Grinder (D:5)
  A vampire (D:12)
  2 wyverns
  8 yaks
  A steam dragon (shapeshifter) (D:13)
  2 basilisks
  5 vampire mosquitoes
  A sky beast (D:7)
  A black bear (D:5)
  3 centaurs (D:14)
  A killer bee (D:8)
  Ijyb (D:3)
  A gnoll bouda (D:8)
  2 orc wizards
  6 gnolls
  A worm (D:5)
  3 orcs
  2 ball pythons (D:1)
  3 bats (D:1)
  2 endoplasms (D:1)
  A giant cockroach (D:1)
  A goblin (D:1)
  A hobgoblin (D:1)
  A jackal (D:2)
  A kobold (D:11)
  2 quokkas
  A frilled lizard (D:1)
  2 orc zombies (D:12)
  A rat (D:1)
67 creatures vanquished.

Vanquished Creatures (others)
  A cyclops (D:14)
  A fire dragon zombie (D:14)
  An elf zombie (D:14)
  A centaur (D:14)
  3 vampire mosquito zombies
  A yak zombie (D:10)
  A black bear zombie (D:8)
  5 centaur zombies
  2 killer bee zombies (D:8)
  3 sky beast zombies (D:7)
  A howler monkey zombie (D:11)
  6 gnoll zombies
  An adder zombie (D:5)
  A jelly zombie (D:4)
  A spectral white imp (D:7)
  A quokka (D:14)
  8 kobold zombies
  11 orc zombies
  A quokka zombie (D:5)
  2 fungi (D:8)
  5 plants
57 creatures vanquished.

Grand Total: 331 creatures vanquished

Notes
Turn   | Place    | Note
-------+----------+-------------------------------------------
     0 | D:1      | LnG the Kobold Summoner began the quest for the Orb.
     0 | D:1      | Reached XP level 1. HP: 10/10 MP: 3/3
    43 | D:1      | Found a faded altar of an unknown god.
   248 | D:1      | Reached XP level 2. HP: 15/15 MP: 1/5
   251 | D:1      | Learned a level 2 spell: Call Imp
   712 | D:1      | Found Sawegi's Weapon Emporium.
   965 | D:1      | Reached XP level 3. HP: 19/19 MP: 4/6
  1378 | D:2      | Found Iwkatha's Antique Armour Boutique.
  1404 | D:2      | Reached skill level 3 in Stealth
  1404 | D:2      | Reached XP level 4. HP: 12/24 MP: 2/8
  1878 | D:2      | Learned a level 3 spell: Call Canine Familiar
  1924 | D:2      | Identified the +6 whip of Yrrous {drain, rC+ Stlth+}
  2016 | D:2      | Reached skill level 1 in Short Blades
  2494 | D:2      | Reached XP level 5. HP: 28/28 MP: 9/9
  2605 | D:2      | Found Ojys's Weapon Shoppe.
  2628 | D:2      | Found a runed translucent door.
  2631 | D:2      | Noticed Crazy Yiuf
  2661 | D:2      | Reached skill level 4 in Stealth
  2854 | D:3      | Noticed Ijyb
  2868 | D:3      | Killed Ijyb
  3012 | D:3      | Found a broken altar of Ashenzari.
  3015 | D:3      | Found a shadowy altar of Dithmenos.
  3015 | D:3      | Found a glowing golden altar of the Shining One.
  3025 | D:3      | Found an ornate altar of the Wu Jian Council.
  3074 | D:3      | Noticed Jessica
  3078 | D:3      | Killed Jessica
  3079 | D:3      | Reached skill level 1 in Maces & Flails
  3150 | D:3      | Reached XP level 6. HP: 33/33 MP: 10/10
  3151 | D:3      | Found a sparkling altar of Nemelex Xobeh.
  3252 | D:3      | Noticed a +0 dagger
  3253 | D:3      | Noticed a +0 hand axe
  3261 | D:3      | Found a hide-covered altar of Uskayaw.
  3735 | D:3      | Reached skill level 1 in Fighting
  3820 | D:3      | Learned a level 3 spell: Summon Guardian Golem
  3944 | D:4      | You fall into a shaft and drop 3 floors!
  3953 | D:7      | Found a staircase to the Ecumenical Temple.
  3973 | D:7      | Reached skill level 5 in Stealth
  3979 | Temple   | Entered the Ecumenical Temple
  4301 | Temple   | Became a worshipper of Yredelemnul the Dark
  4402 | D:5      | Entered Level 5 of the Dungeon
  4403 | D:5      | Noticed a black bear
  4411 | D:5      | Killed a black bear
  4412 | D:5      | Reached * piety under Yredelemnul
  4613 | D:5      | Noticed Grinder
  4651 | D:5      | Killed Grinder
  4652 | D:5      | Reached skill level 5 in Summonings
  4652 | D:5      | Reached XP level 7. HP: 39/39 MP: 8/12
  4659 | D:5      | Learned a level 4 spell: Summon Lightning Spire
  4693 | D:5      | Reached skill level 6 in Stealth
  4950 | D:3      | HP: 2/40 [orc wizard/magic dart (8)]
  5350 | D:4      | Reached XP level 8. HP: 44/44 MP: 13/13
  6070 | D:5      | Reached skill level 7 in Stealth
  6455 | D:5      | Reached ** piety under Yredelemnul
  6628 | D:5      | Reached *** piety under Yredelemnul
  6692 | D:5      | Found a runed translucent door.
  6693 | D:5      | Noticed juncz's ghost (novice DjCj)
  6963 | D:6      | Found a bloodstained altar of Trog.
  7351 | D:6      | Reached skill level 8 in Stealth
  7499 | D:6      | Found an opulent altar of Gozag.
  7857 | D:7      | Reached XP level 9. HP: 20/50 MP: 11/15
  8090 | D:7      | Reached skill level 9 in Stealth
  8517 | D:7      | Identified the +7 quarterstaff of Hoser {vorpal, rElec
                  | Str-5 Int+8}
  8632 | D:7      | Reached skill level 5 in Dodging
  9678 | D:8      | Found a staircase to the Lair.
  9678 | D:8      | Noticed an elephant
  9692 | D:8      | Killed an elephant
  9693 | D:8      | Reached skill level 5 in Short Blades
  9693 | D:8      | Reached skill level 10 in Stealth
  9693 | D:8      | Reached skill level 5 in Spellcasting
  9951 | D:8      | Reached XP level 10. HP: 51/56 MP: 17/17
 10419 | D:8      | Identified the +0 robe of Saamn {+Blink rC+++ Int-4 Stlth+}
 10479 | D:8      | Found Urohy's Book Shoppe.
 10814 | D:9      | Identified the +1 spear "Berat" {freeze, rN+ Str+3 Int+5
                  | Dex-2}
 11209 | D:9      | Reached skill level 11 in Stealth
 12232 | D:9      | Found a staircase to the Orcish Mines.
 12258 | D:9      | Noticed a two-headed ogre
 12897 | D:9      | Killed a two-headed ogre
 12898 | D:9      | Reached skill level 5 in Maces & Flails
 12898 | D:9      | Reached XP level 11. HP: 36/62 MP: 5/20
 13305 | D:2      | Bought the +7 dagger of Honour {freeze, Int+4} for 540 gold
                  | pieces
 13341 | D:2      | Killed Crazy Yiuf
 13573 | D:10     | Entered Level 10 of the Dungeon
 13860 | D:10     | Reached skill level 5 in Fighting
 15142 | D:10     | Reached skill level 12 in Stealth
 15354 | D:10     | Reached skill level 1 in Air Magic
 15719 | D:11     | Found a runed translucent door.
 16796 | D:12     | Noticed a cyclops
 16958 | D:11     | Killed a cyclops
 17591 | D:12     | Reached XP level 12. HP: 64/69 MP: 16/23
 18287 | D:12     | Reached skill level 13 in Stealth
 18291 | D:12     | Reached **** piety under Yredelemnul
 18359 | D:12     | Found Gawesoamask's Weapon Shoppe.
 18643 | D:12     | Reached ***** piety under Yredelemnul
 18693 | D:13     | Found a gate to the Vaults.
 18705 | D:13     | Noticed a fire crab
 18707 | D:13     | a fire crab changed into an entropy weaver
 18707 | D:13     | Noticed an entropy weaver (glowing shapeshifter)
 18708 | D:13     | an entropy weaver changed into a raiju
 19160 | D:13     | Noticed Maurice
 19164 | D:13     | Killed Maurice
 19759 | D:14     | Noticed a centaur warrior
 19762 | D:14     | Killed a centaur warrior
 19763 | D:14     | Noticed a centaur warrior
 19778 | D:14     | Killed a centaur warrior
 20109 | D:14     | Noticed a tengu warrior
 20132 | D:14     | Killed a tengu warrior
 20133 | D:14     | Reached XP level 13. HP: 26/75 MP: 14/26
 20149 | D:14     | Noticed a centaur warrior
 20387 | D:14     | Found Jaopierphi's Gadget Gallery.
 20387 | D:14     | Noticed a fire dragon
 20392 | D:14     | Noticed a centaur warrior
 20621 | D:14     | Killed a fire dragon
 20652 | D:14     | Noticed a centaur warrior
 20653 | D:14     | Shot with an arrow by a centaur warrior

Illustrated notes

Levels and vault maps discovered:
D:1:      lightli_molten_gateway, layout_loops_ring,
          hellmonk_ecumenical_altar_lost_god, serial_shops,
          nicolae_shop_behind_doors, grunt_decor_mini_mirrors
D:2:      layout_loops_cross, serial_shops, nicolae_shop_advertising_works
          [nicolae_subvault_shop_adworks], shop, uniq_crazy_yiuf_cottage
D:3:      layout_basic, dancing_weapons_uskayaw, lemuel_coloured_pillars_altar,
          grunt_temple_overflow_open, guppyfry_early_orc_mine, uniq_jessica,
          uniq_ijyb
D:4:      layout_basic, dk_noncrumbling_2
D:5:      layout_rooms, gammafunk_ghost_grave, uniq_grinder
D:6:      layout_basic, mainiacjoe_overflow_alcove_4, bloody_trog,
          nrook_loot_triangle
D:7:      layout_loops_cross, minmay_temple_entry_trees, hangedman_glass_teeth,
          nicolae_hexahallways, corexii_corridor_pit, worms_lemuel
D:8:      layout_basic, david_lair_generic, serial_shops,
          nicolae_inconvenience_store
D:9:      layout_stronghold, orc_0_dummy, minmay_liquid_box
D:10:     layout_basic
D:11:     dreamdust_labyrinth, layout_gridville, portal_ice_cave_entry_pillars_2
D:12:     layout_irregular_city, serial_shops, shop
D:13:     layout_loops_ring, david_vaults_2, uniq_maurice
D:14:     cheibrodos_fzero, layout_rooms, elyvilon_altar_4, nicolae_shop_gadgets
Temple:   compressed_dpeg_circular_temple

Skill      XL: |  1  2  3  4  5  6  7  8  9 10 11 12 |
---------------+-------------------------------------+-----
Stealth        | 3 4 5 6 8 10 11 12 13 | 13.8
Short Blades   | 1 2 5 6 |  6.9
Spellcasting   | 3 4 5 6 7 9 |  9.5
Dodging        | 3 4 6 7 8 9 |  9.6
Maces & Flails | 1 2 3 5 6 |  6.9
Fighting       | 1 2 3 4 5 6 |  6.5
Summonings     | 5 6 7 8 9 |  9.6
Air Magic      | 1 2 |  2.8
Throwing       | |  0.4
Unarmed Combat | |  0.3
Hexes          | |  0.3
Evocations     | |  0.7

Action                   |  1- 3 |  4- 6 |  7- 9 | 10-12 | 13-15 || total
-------------------------+-------+-------+-------+-------+-------++-------
Melee: Unarmed           |    15 |       |       |     1 |       ||    16
       Dagger            |    23 |    18 |       |   141 |     2 ||   184
       Whip              |       |    90 |   246 |   372 |    16 ||   724
       Punch             |       |     1 |     2 |     7 |       ||    10
Throw: Throwing net      |       |       |     2 |       |       ||     2
 Cast: Summon Small Mamm |     9 |       |     1 |       |       ||    10
       Call Imp          |     7 |     1 |     4 |    12 |     1 ||    25
       Call Canine Famil |       |     6 |    11 |    38 |     4 ||    59
       Summon Guardian G |       |       |     2 |     2 |       ||     4
       Summon Lightning  |       |       |       |    20 |     2 ||    22
Evoke: Wand              |       |       |     2 |     2 |       ||     4
       Phantom mirror    |       |       |       |     1 |       ||     1
  Use: Scroll            |     1 |     5 |     5 |     6 |     1 ||    18
       Potion            |       |     1 |     2 |     5 |     2 ||    10
 Stab: Sleeping          |    10 |    17 |    24 |    25 |       ||    76
       Distracted        |       |     2 |     4 |    13 |     2 ||    21
Armor: Robe              |    13 |    19 |    50 |   103 |    10 ||   195
       Skin              |       |       |       |    57 |       ||    57
Dodge: Dodged            |    40 |    72 |   168 |   418 |    25 ||   723

Table legend: (Time is in decaauts)
 A = Elapsed time spent in this place.
 B = Non-inter-level travel time spent in this place.
 C = Inter-level travel time spent in this place.
 D = Time resting spent in this place.
 E = Time spent auto-exploring this place.
 F = Levels seen in this place.
 G = Mean time per level.
                   A        B        C        D        E       F      G
               +--------+--------+--------+--------+--------+-----+--------+
         Total |  20562 |  19455 |   1107 |   6918 |   9268 |  15 | 1370.8 |
       Dungeon |  20205 |  19162 |   1043 |   6918 |   8991 |  14 | 1443.2 |
        Temple |    356 |    292 |     64 |      0 |    277 |   1 |  356.0 |
               +--------+--------+--------+--------+--------+-----+--------+

Top non-repeatable levels by time:
     D:9: 2251 daAuts
    D:10: 1752 daAuts
     D:7: 1689 daAuts
     D:8: 1689 daAuts
    D:12: 1650 daAuts
    D:11: 1640 daAuts
     D:2: 1617 daAuts
     D:5: 1420 daAuts
    D:13: 1397 daAuts
     D:3: 1330 daAuts
     D:1: 1320 daAuts
     D:4: 984 daAuts
     D:6: 894 daAuts
    D:14: 566 daAuts
  Temple: 356 daAuts
